 Dungeon Crawl Stone Soup version 0.30.0-29-ga12c61a403 (webtiles) character file.

Game seed: 6844603300046959715

681 safid the Chiller (level 7, -8/47 (55) HPs)
             Began as a Merfolk Ice Elementalist on June 15, 2023.
             Mangled by an iguana (10 damage)
             ... on level 6 of the Dungeon.
             The game lasted 00:06:54 (2948 turns).

safid the Chiller (Merfolk Ice Elementalist)        Turns: 2948, Time: 00:06:54

HP:   -8/47 (55)    AC:  8    Str:  8    XL:     7   Next: 61%
MP:   1/13          EV: 13    Int: 17    God:
Gold: 201           SH:  0    Dex: 20    Spells: 8/15 levels left

rFire   . . .        v - +2 scythe (venom)
rCold   . . .        (shield currently unavailable)
rNeg    . . .        b - +2 animal skin
rPois   .            k - +1 helmet
rElec   .            (no cloak)
rCorr   +            x - +1 pair of gloves "Meef Pan" {rCorr}
SInv    .            (no boots)
Will    .....        n - amulet of regeneration
Stlth   ++           w - +6 ring of dexterity
HPRegen 1.07/turn    (no ring)
MPRegen 0.13/turn

%: no passive effects
@: freezing walls, mesmerised, hasted, heavily drained, very quick
A: (nimble swimmer 2), mertail
a: no special abilities


You were on level 6 of the Dungeon.
You visited 1 branch of the dungeon, and saw 5 of its levels.

You collected 215 gold pieces.
You spent 14 gold pieces at shops.

Inventory:

Hand Weapons
 v - a +2 scythe of venom (weapon)
Armour
 b - a +2 animal skin (worn)
 k - a +1 helmet (worn)
 x - the +1 pair of gloves "Meef Pan" (worn) {rCorr}
   (You found it on level 3 of the Dungeon)

   rCorr:     It protects you from acid and corrosion.
Jewellery
 n - an amulet of regeneration (around neck)
 w - a +6 ring of dexterity (left hand)
Scrolls
 c - a scroll of noise {unknown}
 d - 2 scrolls of amnesia {unknown}
 e - a scroll of blinking {unknown}
 g - a scroll of brand weapon {unknown}
 h - a scroll of fog {unknown}
 i - a scroll of magic mapping {unknown}
 j - 5 scrolls of identify {unknown}
 l - a scroll of immolation {unknown}
 p - 2 scrolls of vulnerability {unknown}
 q - a scroll of poison {unknown}
 y - a scroll of teleportation {unknown}
Potions
 a - a potion of brilliance {unknown}
 f - a potion of resistance {unknown}
 m - a potion of ambrosia {unknown}
 o - a potion of haste
 r - a potion of berserk rage {unknown}
 s - a potion of cancellation {unknown}
 t - a potion of might {unknown}
 u - a potion of heal wounds {unknown}
 z - a potion of curing {unknown}
 A - a potion of mutation {unknown}


   Skills:
 + Level 4.9 Fighting
 - Level 2.6 Dodging
 - Level 2.1 Stealth
 + Level 4.6 Spellcasting
 + Level 6.7 Ice Magic


You had 8 spell levels left.
You knew the following spells:

 Your Spells              Type           Power      Damage    Failure   Level
a - Freeze                Ice            100%       1d10      1%          1
b - Frozen Ramparts       Ice            52%        1d8       2%          3
c - Ozocubu's Armour      Ice            26%        N/A       2%          3

Your spell library contained the following spells:

 Spells                   Type           Power      Damage    Failure   Level
 Summon Ice Beast         Ice/Summ       15%        N/A       36%         4
 Call Canine Familiar     Summ           3%         N/A       41%         3
 Dazzling Flash           Conj/Hex       6%         N/A       41%         3
 Portal Projectile        Hex/Tloc       6%         N/A       41%         3
 Leda's Liquefaction      Hex/Erth       1%         N/A       83%         4
 Agony                    Necr           3%         N/A       99%         5
 Silence                  Hex/Air        1%         N/A       99%         5


Dungeon Overview and Level Annotations

Branches:
Dungeon (6/15)
 Temple: D:4-7

Altars:

Shops:
D:1 [   D:2 !

Annotations:
D:6 Maggie


Innate Abilities, Weirdness & Mutations

((You are very nimble when in or above water. (Stealth+, EV+, Speed+++)))
Your lower body shifts to a powerful aquatic tail in water.


Message History

The walls around you are covered in ice.
The wall freezes the kobold.
You kill the kobold!
The wall freezes the iguana.
The iguana barely misses you.
The wall freezes Maggie but does no damage.
Maggie hits you with a +0 glaive of draining.
You feel drained.
Okay, then.
Unknown command.
Unknown command.
You barely miss Maggie.
Maggie is lightly wounded.
The wall freezes the iguana but does no damage.
The iguana bites you.
* * * LOW HITPOINT WARNING * * *
The wall freezes Maggie.
Maggie hits you with a +0 glaive of draining.
* * * LOW HITPOINT WARNING * * *
You feel drained.
* * * LOW HITPOINT WARNING * * *
Unknown command.
You hit Maggie.
Maggie is poisoned.
Maggie is moderately wounded.
The wall freezes Maggie but does no damage.
Maggie says, "Fear not.
I will immortalize you in the tale of my first kill."
Maggie hits you with a +0 glaive of draining.
* * * LOW HITPOINT WARNING * * *
You feel drained.
* * * LOW HITPOINT WARNING * * *
The wall freezes the iguana.
The iguana closely misses you.
The wall freezes Maggie.
Maggie hits you with a +0 glaive of draining.
* * * LOW HITPOINT WARNING * * *
You feel drained.
The wall freezes the kobold.
You kill the kobold!
The wall freezes the iguana but does no damage.
The iguana barely misses you.
It was a potion of haste.
You feel yourself speed up.
The wall freezes the iguana.
The iguana bites you!
You die...

.... ... ...
..# .. ..##
###.# ...# ....
...#
####..#...##.#
##<...l@......#
#.....)@#
...####.##.####
......(........
..K####.......#
#..##.#.# ...#
# ##.# (# .#


You could see Maggie (mesmerising, poisoned) and an iguana.

Vanquished Creatures
  Sigmund (D:3)
  A water moccasin (D:4)
  2 ogres
  A jelly (D:3)
  A sleepcap (D:4)
  An orc wizard (D:2)
  Robin (D:2)
  4 gnolls
  3 adders
  2 dart slugs (D:2)
  10 orcs
  4 endoplasms (D:1)
  A giant cockroach (D:4)
  12 goblins
  12 hobgoblins
  3 jackals (D:4)
  2 quokkas
  3 ball pythons
  4 bats
  3 frilled lizards (D:1)
  10 kobolds
  3 rats
84 creatures vanquished.

Notes
Turn   | Place    | Note
-------+----------+-------------------------------------------
     0 | D:1      | safid the Merfolk Ice Elementalist began the quest for the
                  | Orb.
     0 | D:1      | Reached XP level 1. HP: 13/13 MP: 3/3
   143 | D:1      | Reached XP level 2. HP: 17/20 MP: 3/5
   147 | D:1      | Reached skill level 1 in Fighting
   367 | D:1      | Found a faded altar of an unknown god.
   593 | D:1      | Reached XP level 3. HP: 21/26 MP: 6/6
   694 | D:1      | Found Ebrien's Antique Armour Emporium.
   772 | D:2      | Learned a level 3 spell: Frozen Ramparts
   835 | D:2      | Noticed Robin
   877 | D:2      | Killed Robin
   965 | D:2      | Reached skill level 5 in Ice Magic
  1039 | D:2      | Reached XP level 4. HP: 33/33 MP: 6/8
  1043 | D:2      | Found Jyitz's Distillery.
  1120 | D:2      | Bought a potion of degeneration for 14 gold pieces
  1842 | D:3      | Learned a level 3 spell: Ozocubu's Armour
  1870 | D:3      | Reached XP level 5. HP: 39/39 MP: 5/9
  1999 | D:3      | Noticed Sigmund
  2035 | D:3      | Killed Sigmund
  2036 | D:3      | Reached XP level 6. HP: 33/48 MP: 4/11
  2152 | D:3      | Identified the +1 pair of gloves "Meef Pan" {rCorr}
  2219 | D:3      | Reached skill level 6 in Ice Magic
  2596 | D:4      | Reached XP level 7. HP: 54/54 MP: 5/13
  2927 | D:4      | You fall into a shaft and drop 2 floors!
  2933 | D:6      | Noticed Maggie
  2947 | D:6      | HP: 1/49 [Maggie/+0 glaive of draining (5)]
  2948 | D:6      | Mangled by an iguana

Illustrated notes

Levels and vault maps discovered:
D:1:      enne_arrival_octagon_isle, layout_rooms, serial_shops,
          nicolae_square_shop, shapermc_ecumenical_altar_mp_urbaneastern,
          hangedman_decor_growths, minivault_23
D:2:      layout_loops_ring, serial_shops, nicolae_shop_peninsula,
          chequers_serial_rivers_marsh, minmay_bisected, uniq_robin
D:3:      layout_basic, uniq_sigmund
D:4:      layout_loops_ring, hangedman_decor_riveting
D:6:      layout_loops_cross, serial_shops, nicolae_shop_peninsula,
          uniq_menkaure, uniq_maggie

Skill      XL: |  1  2  3  4  5  6 |
---------------+-------------------+-----
Fighting       | 1 2 3 4 |  4.9
Ice Magic      | 5 6 |  6.7
Spellcasting   | 3 4 |  4.6
Dodging        | |  2.6
Stealth        | |  2.1

Action                     |  1- 3 |  4- 6 |  7- 9 || total
---------------------------+-------+-------+-------++-------
  Melee: Short sword       |    58 |    33 |       ||    91
         Halberd           |       |    15 |    48 ||    63
   Cast: Freeze            |    23 |    18 |     4 ||    45
         Frozen Ramparts   |     3 |     5 |     5 ||    13
         Ozocubu's Armour  |       |     2 |     2 ||     4
    Use: Potion            |     1 |       |     1 ||     2
   Stab: Sleeping          |     1 |     6 |     1 ||     8
         Distracted        |       |     2 |       ||     2
 Armour: Robe              |     7 |       |       ||     7
         Animal skin       |       |    15 |    13 ||    28
  Dodge: Dodged            |    43 |    28 |    27 ||    98
